 Dungeon Crawl Stone Soup version 0.30-a0-218-gedb9141078 (webtiles) character file.

Game seed: 2892647805445324374

1 jlumianski the Ducker (level 1, -1/16 HPs)
             Began as a Demonspawn Gladiator on Oct 6, 2022.
             Slain by a kobold
             ... wielding a +0 club
              (3 damage)
             ... on level 1 of the Dungeon.
             The game lasted 00:00:46 (309 turns).

jlumianski the Ducker (Demonspawn Gladiator)         Turns: 309, Time: 00:00:47

Health: -1/16      AC:  4    Str: 14    XL:     1   Next: 16%
Magic:  1/1        EV: 13    Int:  7    God:
Gold:   11         SH:  0    Dex: 16    Spells: 0/0 levels left

rFire   . . .      SeeInvis .    a - +0 rapier
rCold   . . .      Faith    .    (no shield)
rNeg    . . .      Spirit   .    b - +0 leather armour
rPois   .          Reflect  .    c - +0 helmet
rElec   .          Harm     .    (no cloak)
rCorr   .          Rampage  .    (no gloves)
Will    .....      Rage     3%   (no boots)
Stlth   ++........               (no amulet)
HPRegen 0.22/turn                (no ring)
MPRegen 0.07/turn                (no ring)

@: no status effects
A: thin skeletal structure 1, berserk 1, dopey 1, sturdy frame 1
a: no special abilities


You were on level 1 of the Dungeon.
You visited 1 branch of the dungeon, and saw 1 of its levels.

You collected 11 gold pieces.

Inventory:

Hand Weapons
 a - a +0 rapier (weapon)
Missiles
 d - 3 throwing nets (quivered)
 e - a javelin
Armour
 b - a +0 leather armour (worn)
 c - a +0 helmet (worn)
Jewellery
 f - a ring of protection from fire


   Skills:
 + Level 2.0 Fighting
 + Level 2.6 Short Blades
 + Level 1.8 Throwing
 + Level 2.7 Dodging


You couldn't memorise any spells.
You didn't know any spells.
Your spell library was empty.

Dungeon Overview and Level Annotations

Branches:
Dungeon (1/15)

Altars:


Innate Abilities, Weirdness & Mutations

You have a somewhat thin skeletal structure. (Dex +2, Stealth+)
You sometimes lose your temper in combat.
You are dopey. (Int -2)
Your movements are slightly less encumbered by armour. (ER -2)


Message History

Found a faded altar of an unknown god.
A kobold comes into view. It is wielding a +0 club.
A kobold is nearby!
Throw: 3 throwing nets
Press: ? - help, Q - select action, (/) - cycle Shift-Dir - straight line, f - kobold
Aim: a kobold, wielding a +0 club and quivering stones (asleep, 98% to hit)
Okay, then.
The kobold shouts!
The kobold hits you with a +0 club. The kobold closely misses you.
The kobold hits you with a +0 club. The kobold misses you.
The kobold closely misses you. The kobold hits you but does no damage.
The kobold barely misses you. The kobold hits you but does no damage.
The kobold hits you with a +0 club. The kobold completely misses you.
The kobold hits you with a +0 club. The kobold barely misses you.
The kobold barely misses you. The kobold misses you.
The kobold closely misses you. The kobold barely misses you.
The kobold hits you with a +0 club. The kobold misses you.
The kobold hits you with a +0 club.
* * * LOW HITPOINT WARNING * * *
The kobold hits you with a +0 club.
* * * LOW HITPOINT WARNING * * *
The kobold barely misses you. The kobold completely misses you.
The kobold hits you with a +0 club.
* * * LOW HITPOINT WARNING * * *
The kobold hits you but does no damage. The kobold misses you.
The kobold hits you with a +0 club.
* * * LOW HITPOINT WARNING * * *
The kobold hits you with a +0 club.
You die...

###.##..# #......♣♣♣#
##..###.## #.....♣..♣
..###...##
#.....♣♣..♣♣ ###
#.#..##♣♣♣♣♣♣..♣...♣
...##..♣♣.....♣♣♣♣..♣
....#
#.♣...♣♣♣......8♣
#### #..♣♣♣♣
♣♣♣.⌠.._♣ #.##
♣♣.....8♣ #.#
♣@♣♣♣♣..♣ #.. ♣.K.♣
.♣♣ ### ...♣♣♣♣ ♣ ##.
#


You could see a kobold.

Vanquished Creatures
  A bat (D:1)
  A frilled lizard (D:1)
2 creatures vanquished.

Notes
Turn   | Place    | Note
-------+----------+-------------------------------------------
     0 | D:1      | jlumianski the Demonspawn Gladiator began the quest for the
                  | Orb.
     0 | D:1      | Reached XP level 1. HP: 16/16 MP: 1/1
    68 | D:1      | Gained mutation: You sometimes lose your temper in combat.
                  | [potion of mutation]
    68 | D:1      | Gained mutation: You have a somewhat thin skeletal
                  | structure. (Dex +2, Stealth+) [potion of mutation]
    68 | D:1      | Gained mutation: You are dopey. (Int -2) [potion of
                  | mutation]
    68 | D:1      | Gained mutation: Your movements are slightly less
                  | encumbered by armour. (ER -2) [potion of mutation]
   274 | D:1      | Found a faded altar of an unknown god.
   309 | D:1      | Slain by a kobold

Illustrated notes

Levels and vault maps discovered:
D:1:      dpeg_arrival_morbid_curiosity, layout_basic,
          shapermc_ecumenical_altar_totnotflames

Action                   || total
-------------------------++-------
Melee: Rapier            ||     5
  Use: Scroll            ||     1
       Potion            ||     1
Armor: Leather armour    ||    39
Dodge: Dodged            ||    96

Table legend: (Time is in decaauts)
 A = Elapsed time spent in this place.
 B = Non-inter-level travel time spent in this place.
 C = Inter-level travel time spent in this place.
 D = Time resting spent in this place.
 E = Time spent auto-exploring this place.
 F = Levels seen in this place.
 G = Mean time per level.
                   A        B        C        D        E       F      G
               +--------+--------+--------+--------+--------+-----+--------+
         Total |    309 |    309 |      0 |      0 |     93 |   1 |  309.0 |
       Dungeon |    309 |    309 |      0 |      0 |     93 |   1 |  309.0 |
               +--------+--------+--------+--------+--------+-----+--------+

Top non-repeatable levels by time:
     D:1: 309 daAuts
